 Dungeon Crawl Stone Soup version 0.30-a0-591-g3c58d2bc28 (webtiles) character file.

Game seed: 12531515681104346098

154 Newt the Trooper (level 5, 0/42 HPs)
             Began as a Demonspawn Gladiator on Jan 5, 2023.
             Killed by divine providence
             ... invoked by an orc priest
              (11 damage)
             ... on level 4 of the Dungeon.
             The game lasted 00:02:48 (2921 turns).

Newt the Trooper (Demonspawn Gladiator)             Turns: 2921, Time: 00:02:49

Health: 0/42       AC:  8    Str: 17    XL:     5   Next: 13%
Magic:  5/5        EV: 17    Int:  9    God:
Gold:   167        SH:  0    Dex: 14    Spells: 4/4 levels left

rFire   . . .      SeeInvis .    b - +2 sling (elec)
rCold   . . .      Faith    .    (no shield)
rNeg    . . .      Spirit   .    k - +0 leather armour
rPois   .          Reflect  .    c - +0 helmet
rElec   .          Harm     .    x - scarf {repulsion}
rCorr   .          Rampage  .    (no gloves)
Will    .....                    (no boots)
Stlth   ++                       (no amulet)
HPRegen 0.27/turn                q - +4 ring of protection
MPRegen 0.09/turn                (no ring)

@: agile, repel missiles
A: powered by pain 1
a: no special abilities


You were on level 4 of the Dungeon.
You visited 1 branch of the dungeon, and saw 4 of its levels.

You collected 167 gold pieces.

Inventory:

Hand Weapons
 a - a +0 rapier
 b - a +2 sling of electrocution (weapon)
 u - a +2 falchion of protection
Missiles
 d - 2 throwing nets
 e - a javelin
Armour
 c - a +0 helmet (worn)
 k - a +0 leather armour (worn)
 x - a scarf of repulsion (worn)
Jewellery
 q - a +4 ring of protection (left hand)
Wands
 p - a wand of charming (5)
Scrolls
 m - a scroll of immolation
 n - 2 scrolls of identify
 o - 3 scrolls of teleportation
 r - a scroll of vulnerability
 s - a scroll of enchant armour
 t - a scroll of enchant weapon
 v - a scroll of magic mapping {unknown}
Potions
 f - a potion of heal wounds {unknown}
 g - a potion of haste {unknown}
 h - a potion of flight {unknown}
 i - a potion of curing
 j - a potion of attraction
 l - 2 potions of might
 w - a potion of resistance {unknown}


   Skills:
 - Level 4.0 Fighting
 - Level 2.6 Short Blades
 + Level 2.2 Ranged Weapons
 - Level 1.7 Throwing
 - Level 2.6 Dodging
 - Level 2.0 Stealth


You had 4 spell levels left.
You didn't know any spells.
Your spell library was empty.

Dungeon Overview and Level Annotations

Branches:
Dungeon (4/15)
 Temple: D:4-7

Altars:


Innate Abilities, Weirdness & Mutations

You sometimes gain a little power by taking damage.


Message History

You shoot a sling bullet. The sling bullet hits the orc.
The orc is heavily wounded.
The orc barely misses you. The orc closely misses you.
Fire: b) +2 sling (elec)
Press: ? - help, Q - select action, (/) - cycle Shift-Dir - straight line, f/p - orc priest
Aim: an orc priest, wielding a +0 falchion (severely wounded, 62% to hit)
You shoot a sling bullet. The sling bullet hits the orc.
You kill the orc!
Fire: b) +2 sling (elec)
Press: ? - help, Q - select action, (/) - cycle Shift-Dir - straight line, f/p - orc priest
Aim: an orc priest, wielding a +0 falchion (severely wounded, 62% to hit)
You shoot a sling bullet. The sling bullet hits the orc.
The orc is heavily wounded.
The orc hits you but does no damage.
The orc priest miscasts a cantrip.
Fire: b) +2 sling (elec)
Press: ? - help, Q - select action, (/) - cycle Shift-Dir - straight line, f/p - orc priest
Aim: an orc priest, wielding a +0 falchion (severely wounded, 62% to hit)
You shoot a sling bullet. The sling bullet hits the orc.
Lightning courses through the orc!!
You kill the orc!
The orc priest misses you.
Fire: b) +2 sling (elec)
Press: ? - help, Q - select action, (/) - cycle Shift-Dir - straight line, f/p - orc priest
Aim: an orc priest, wielding a +0 falchion (severely wounded, 62% to hit)
You shoot a sling bullet.
The sling bullet closely misses the orc priest.
The sling bullet hits the orc.
The orc is moderately wounded.
The orc priest barely misses you.
Fire: b) +2 sling (elec)
Press: ? - help, Q - select action, (/) - cycle Shift-Dir - straight line, f/p - orc priest
Aim: an orc priest, wielding a +0 falchion (severely wounded, 62% to hit)
You shoot a sling bullet.
The sling bullet closely misses the orc priest.
The sling bullet hits the orc.
The orc is almost dead.
The orc priest invokes the aid of Beogh against you.
Beogh smites you!
You die...

#.. #.#.# #....#.#.
###### #....+.. #.....
#....#.# #.....
#....#.##### #.....
#..........##### #.....
####.#.##.......
#.....#######.#.#####.##.
+....)oo@...#.........##.
#.....#####'#...#........
.......
#.................
.......
#.................
.......
#.........####+##.
..#...# #.........# #. .
#... #.........# ## #...
#.........# #.........#


You could see an orc priest and an orc.

Vanquished Creatures
  8 adders
  A worm (D:2)
  3 dart slugs
  3 orcs (D:4)
  6 endoplasms
  A giant cockroach (D:2)
  2 goblins
  9 hobgoblins
  9 jackals
  2 quokkas
  5 ball pythons
  5 bats
  4 frilled lizards
  4 kobolds
  7 rats
69 creatures vanquished.

Notes
Turn   | Place    | Note
-------+----------+-------------------------------------------
     0 | D:1      | Newt the Demonspawn Gladiator began the quest for the Orb.
     0 | D:1      | Reached XP level 1. HP: 16/16 MP: 1/1
   151 | D:1      | Reached skill level 1 in Stealth
   244 | D:1      | Gained mutation: You sometimes gain a little power by
                  | taking damage. [demonic ancestry]
   244 | D:1      | Reached XP level 2. HP: 9/22 MP: 2/2
   865 | D:1      | Reached XP level 3. HP: 25/28 MP: 3/3
  1001 | D:2      | Reached skill level 3 in Fighting
  1140 | D:2      | Found a faded altar of an unknown god.
  1388 | D:2      | Reached XP level 4. HP: 37/37 MP: 4/4
  1437 | D:2      | Reached skill level 4 in Fighting
  1622 | D:2      | Reached skill level 1 in Ranged Weapons
  2472 | D:3      | Reached XP level 5. HP: 42/42 MP: 5/5
  2921 | D:4      | Killed from afar by an orc priest

Illustrated notes

Levels and vault maps discovered:
D:1:      psy_arrival_fountain, layout_rooms
D:2:      minmay_razor_zed, layout_basic, shapermc_ecumenical_altar_totnotflames
D:3:      layout_basic, moated_statue, minmay_misc_feat_room
D:4:      layout_basic, mainiacjoe_overflow_brackets

Skill      XL: |  1  2  3  4 |
---------------+-------------+-----
Stealth        | 1 2 |  2.0
Fighting       | 3 4 |  4.0
Ranged Weapons | 2 |  2.2
Short Blades   | |  2.6
Throwing       | |  1.7
Dodging        | |  2.6

Action                   |  1- 3 |  4- 6 || total
-------------------------+-------+-------++-------
Melee: Rapier            |    81 |       ||    81
       Punch             |     1 |       ||     1
 Fire: Sling             |    27 |    98 ||   125
Throw: Throwing net      |     3 |       ||     3
  Use: Scroll            |     1 |     8 ||     9
       Potion            |       |     3 ||     3
 Stab: Sleeping          |     1 |       ||     1
Armor: Leather armour    |    38 |    25 ||    63
Dodge: Dodged            |    70 |    38 ||   108

Table legend: (Time is in decaauts)
 A = Elapsed time spent in this place.
 B = Non-inter-level travel time spent in this place.
 C = Inter-level travel time spent in this place.
 D = Time resting spent in this place.
 E = Time spent auto-exploring this place.
 F = Levels seen in this place.
 G = Mean time per level.
                   A        B        C        D        E       F      G
               +--------+--------+--------+--------+--------+-----+--------+
         Total |   2970 |   2821 |    149 |    327 |   2041 |   4 |  742.5 |
       Dungeon |   2970 |   2821 |    149 |    327 |   2041 |   4 |  742.5 |
               +--------+--------+--------+--------+--------+-----+--------+

Top non-repeatable levels by time:
     D:2: 1143 daAuts
     D:1: 971 daAuts
     D:3: 772 daAuts
     D:4: 83 daAuts
